Map: [ESL] Ancient Cistern

Players

GunGFuBanDa - Winner!

  • Race: Protoss Protoss
  • Spawn Location: 7:00

NightPhoenix

  • Race: Protoss Protoss
  • Spawn Location: 1:00

Event: ESL SC2 Masters 2023 Summer (Regionals)

VOD

Have the link to the VOD?

Description

Time

  • Played on: May 14, 2023, 9:22 a.m.
  • Length: 8:27

All games in this series

Show
View Real Time Build Order
Export as new Build Order

GunGFuBanDa Protoss - Winner!

Build Orders:  

Get SALT Encoding   

  12  0:00  Probe  
  13  0:12  Probe  
  14  0:17  Pylon  
  14  0:24  Probe (Chrono Boost)  
  16  0:36  Probe (Chrono Boost), Gateway  
  16  0:42  Probe (Chrono Boost)  
  16  0:46  Assimilator  
  17  0:51  Probe  
  17  0:54  Assimilator  
  18  1:03  Probe (Chrono Boost)  
  19  1:07  Gateway  
  19  1:13  Probe (Chrono Boost)  
  19  1:18  Probe (Chrono Boost)  
  20  1:23  Cybernetics Core  
  21  1:29  Probe  
  22  1:37  Pylon  
  22  1:41  Probe  
  23  1:55  Probe  
  23  1:59  Stalker, Sentry  
  23  2:00  Warp Gate  
  28  2:08  Probe  
  29  2:13  Pylon  
  30  2:36  Nexus  
  29  2:46  Stalker  
  31  2:51  Stalker  
  33  3:01  Shield Battery  
  33  3:04  Probe  
  34  3:16  Probe  
  35  3:32  Probe, Shield Battery  
  36  3:37  Twilight Council  
  36  3:43  Shield Battery  
  36  3:44  Probe (Chrono Boost)  
  37  3:49  Stalker x2  
  37  3:53  Probe (Chrono Boost)  
  43  3:56  Probe (Chrono Boost)  
  43  3:59  Pylon  
  44  4:03  Probe (Chrono Boost)  
  44  4:04  Probe (Chrono Boost)  
  44  4:07  Probe (Chrono Boost)  
  46  4:12  Probe  
  47  4:22  Stalker x2  
  50  4:25  Probe (Chrono Boost)  
  50  4:36  Probe (Chrono Boost)  
  51  4:39  Dark Shrine  
  51  4:41  Blink (Chrono Boost)  
  51  4:43  Probe (Chrono Boost)  
  50  4:47  Probe (Chrono Boost)  
  50  4:51  Probe  
  52  4:56  Probe  
  53  5:03  Probe  
  53  5:04  Gateway  
  54  5:08  Probe  
  54  5:10  Assimilator  
  55  5:15  Probe  
  55  5:20  Probe  
  55  5:21  Stalker x2  
  59  5:24  Pylon  
  61  5:31  Robotics Facility  
  61  5:45  Pylon  
  60  5:51  Dark Templar x2  
  60  5:56  Shield Battery  
  64  5:59  Probe x2  
  64  6:03  Stalker  
  68  6:08  Gateway  
  68  6:10  Forge  
  65  6:14  Probe  
  65  6:15  Probe  
  67  6:19  Observer  
  67  6:24  Dark Templar, Stalker  
  72  6:27  Pylon  
  72  6:37  Probe  
  69  6:50  Stalker x2  
  65  6:59  Stalker  
  53  7:12  Stalker  
  53  7:13  Immortal (Chrono Boost)  
  57  7:21  Stalker  
  57  7:22  Stalker x2  
  50  7:40  Dark Templar  
  51  7:49  Immortal (Chrono Boost), Zealot  
  51  7:50  Zealot  
  59  7:55  Probe  
  60  8:00  Stalker  
  62  8:11  Stalker  
  62  8:12  Stalker  
Show
View Real Time Build Order
Export as new Build Order

NightPhoenix Protoss 

Build Orders: Oracle Opening 

Get SALT Encoding   

  12  0:00  Probe  
  13  0:12  Probe  
  14  0:17  Pylon  
  14  0:24  Probe (Chrono Boost)  
  15  0:36  Probe (Chrono Boost), Gateway  
  16  0:44  Probe (Chrono Boost)  
  16  0:46  Assimilator  
  17  0:51  Probe  
  17  0:54  Assimilator  
  18  1:03  Probe (Chrono Boost)  
  19  1:08  Gateway  
  19  1:13  Probe (Chrono Boost)  
  19  1:18  Probe (Chrono Boost)  
  20  1:24  Cybernetics Core  
  21  1:29  Probe  
  22  1:36  Pylon  
  22  1:41  Probe  
  23  1:55  Probe  
  23  2:00  Stalker x2  
  23  2:01  Warp Gate  
  28  2:07  Probe  
  29  2:11  Pylon  
  29  2:22  Stargate  
  29  2:33  Adept  
  29  2:35  Adept  
  33  2:58  Nexus  
  33  3:07  Oracle  
  36  3:16  Probe  
  37  3:33  Probe  
  36  3:34  Twilight Council  
  36  3:48  Stalker  
  36  3:52  Pylon  
  36  3:54  Gateway x2  
  38  4:02  Probe  
  39  4:03  Blink (Chrono Boost)  
  39  4:10  Stalker  
  41  4:24  Probe x2  
  43  4:34  Pylon  
  43  4:42  Stalker x2  
  43  4:44  Probe  
  43  4:45  Probe  
  45  4:47  Assimilator  
  45  4:49  Stalker  
  47  4:56  Probe  
  47  4:57  Probe  
  47  4:58  Stalker  
  51  5:09  Probe x2, Stalker  
  51  5:13  Stalker  
  57  5:21  Probe  
  58  5:25  Gateway  
  58  5:27  Probe  
  59  5:30  Stalker  
  59  5:33  Probe  
  59  5:35  Stalker  
  64  5:39  Probe  
  65  5:45  Probe  
  65  5:48  Stalker x2  
  70  6:00  Pylon  
  70  6:01  Pylon  
  70  6:03  Pylon  
  70  6:11  Pylon  
  70  6:20  Stalker x4  
  70  6:23  Stalker  
  70  6:47  Oracle (Chrono Boost)  
  57  7:11  Stalker  
  57  7:12  Stalker  
  59  7:16  Adept x2  
  60  7:23  Probe x2  
  53  7:38  Probe x2  
  53  7:40  Stalker x2  
  59  7:53  Stalker  
  59  7:55  Probe x2  
  63  8:00  Stalker  
  65  8:11  Probe x2  
Tags
 
Add a new tag
Caveats
  • Supply blocks, unpowered buildings, or Contaminate may cause inaccurate times.
  • Supply counts are checked every 10 seconds.